Map: Abyssal Reef LE

Players

Kan - Winner!

  • Race: Zerg Zerg
  • League: Diamond
  • Spawn Location: 11:00

Gabrillo

  • Race: Terran Terran
  • League: Diamond
  • Spawn Location: 5:00

VOD

Have the link to the VOD?

Description

Time

  • Played on: April 4, 2025, 2:49 p.m.
  • Length: 14:23
Show
View Real Time Build Order
Export as new Build Order

Kan Zerg - Winner!

Build Orders: Hatch First 

Get SALT Encoding   

  12  0:00  Drone  
  13  0:12  Overlord  
  13  0:17  Drone  
  14  0:31  Drone x2  
  16  0:48  Hatchery  
  15  0:51  Drone  
  15  0:56  Drone  
  17  0:58  Drone  
  18  1:11  Extractor  
  17  1:14  Spawning Pool  
  17  1:17  Drone  
  17  1:20  Drone  
  18  1:29  Drone  
  19  1:40  Drone  
  20  1:52  Overlord  
  20  2:00  Queen  
  20  2:01  Queen  
  22  2:02  Zergling x2  
  22  2:03  Zergling x2  
  26  2:12  Drone x2  
  28  2:22  Metabolic Boost  
  28  2:23  Drone  
  28  2:24  Drone  
  30  2:34  Drone x2  
  32  2:47  Overlord x2, Roach Warren  
  31  2:51  Extractor  
  31  2:56  Overlord  
  30  3:07  Drone  
  30  3:10  Drone x3  
  36  3:27  Roach x6  
  46  3:43  Drone  
  46  3:44  Drone  
  46  3:45  Drone  
  49  3:58  Hatchery  
  49  4:02  Overlord  
  48  4:03  Drone x4  
  48  4:05  Overlord  
  52  4:11  Lair  
  50  4:24  Drone x5  
  50  4:28  Extractor x2  
  53  4:32  Drone x2  
  53  4:33  Drone  
  53  4:34  Overlord  
  56  4:41  Drone  
  56  4:42  Drone x2  
  56  4:43  Overlord  
  59  4:46  Spore Crawler  
  59  4:48  Spore Crawler  
  59  4:51  Drone  
  58  4:54  Drone  
  59  5:12  Baneling Nest  
  59  5:13  Drone  
  59  5:14  Drone, Evolution Chamber  
  60  5:17  Drone  
  60  5:20  Spire  
  59  5:21  Drone  
  59  5:24  Zergling x12  
  66  5:30  Queen  
  66  5:33  Zergling x2  
  66  5:34  Overseer  
  69  5:38  Drone x2  
  69  5:39  Drone  
  69  5:42  Overseer  
  72  5:45  Zerg Melee Weapons Level 1  
  72  5:46  Drone x2  
  74  5:58  Drone x6  
  74  6:01  Overlord  
  74  6:03  Overlord  
  79  6:07  Overlord  
  79  6:11  Drone x3  
  82  6:17  Overlord x2  
  82  6:20  Drone x2  
  84  6:27  Drone x2  
  84  6:30  Overlord x2  
  86  6:34  Mutalisk x3  
  86  6:36  Mutalisk  
  86  6:38  Mutalisk  
  96  6:41  Mutalisk  
  98  6:52  Mutalisk x5  
  107  6:58  Zerg Flyer Weapons Level 1  
  108  7:01  Zergling x12  
  113  7:08  Mutalisk  
  115  7:18  Mutalisk  
  117  7:28  Mutalisk  
  117  7:29  Hatchery  
  118  7:31  Zergling x22  
  118  7:34  Mutalisk  
  131  7:37  Zergling x8  
  131  7:38  Hatchery  
  131  7:42  Centrifugal Hooks  
  134  7:44  Baneling  
  134  7:46  Baneling  
  134  7:48  Baneling  
  134  7:51  Baneling  
  134  7:53  Extractor  
  134  7:54  Drone, Extractor  
  134  7:55  Drone x3  
  134  7:56  Drone  
  137  8:06  Overlord x4  
  137  8:16  Baneling x5  
  137  8:17  Baneling  
  137  8:27  Mutalisk x3  
  137  8:29  Zergling x18  
  137  8:34  Zergling x8  
  154  8:36  Zerg Melee Weapons Level 2  
  156  8:46  Drone  
  156  8:47  Drone x3  
  160  8:54  Zerg Flyer Weapons Level 2  
  159  9:01  Mutalisk x2  
  159  9:03  Zergling x20  
  169  9:24  Zergling x24  
  170  9:25  Overlord x2  
  170  9:26  Overlord x3  
  181  9:32  Baneling x11  
  181  9:33  Baneling x4  
  181  9:34  Overlord x2, Baneling x3  
  180  9:45  Mutalisk  
  180  9:46  Mutalisk  
  180  9:48  Zergling x14  
  177  9:53  Mutalisk  
  177  9:57  Mutalisk  
  178  10:06  Mutalisk x2  
  180  10:09  Zergling x2  
  180  10:10  Zergling x10  
  180  10:13  Mutalisk  
  174  10:23  Mutalisk  
  174  10:25  Zergling x6  
  123  10:36  Mutalisk x2  
  123  10:38  Zergling x4  
  116  10:43  Mutalisk  
  116  10:46  Mutalisk  
  111  10:51  Mutalisk  
  103  10:58  Mutalisk  
  97  11:05  Zergling x16  
  101  11:24  Zerg Ground Armor Level 1  
  101  11:28  Drone  
  101  11:30  Mutalisk  
  101  11:31  Mutalisk x2  
  101  11:32  Zergling x2  
  109  11:33  Zergling x6, Queen  
  109  11:38  Mutalisk  
  116  11:40  Zergling x6  
  116  11:46  Hatchery  
  118  11:51  Mutalisk x2  
  122  11:56  Hatchery, Infestation Pit  
  122  11:58  Zergling x18  
  128  12:02  Hatchery  
  117  12:10  Mutalisk x2  
  117  12:12  Zergling x6  
  117  12:16  Mutalisk  
  117  12:18  Zergling x8  
  123  12:38  Hive  
  123  12:40  Zergling x12  
  123  12:41  Zergling x6  
  132  12:56  Zergling x20  
  134  12:58  Queen  
  134  13:05  Drone x4  
  137  13:06  Drone x2  
  142  13:16  Baneling x13  
  142  13:17  Mutalisk x5  
  152  13:24  Extractor  
  152  13:25  Drone  
  152  13:26  Drone x3, Extractor  
  154  13:27  Drone x3  
  154  13:32  Mutalisk x2  
  161  13:35  Zergling x18  
  161  13:40  Overseer  
  170  13:46  Zergling x20  
  180  13:49  Zergling x14  
  187  14:02  Zergling x12  
Show
View Real Time Build Order
Export as new Build Order

Gabrillo Terran 

Build Orders:  

Get SALT Encoding   

  12  0:00  SCV  
  13  0:13  SCV  
  14  0:25  SCV  
  15  0:32  Supply Depot  
  15  0:54  SCV  
  15  0:56  Barracks  
  16  0:58  Barracks  
  16  1:02  Barracks  
  16  1:06  Refinery, SCV  
  17  1:18  SCV  
  18  1:31  SCV  
  19  1:44  Orbital Command  
  19  1:49  Reaper, Marine  
  21  2:02  Command Center  
  21  2:10  Reaper, SCV  
  23  2:34  Supply Depot  
  23  2:55  SCV  
  23  2:56  Barracks Tech Lab, Barracks Reactor  
  23  2:59  Barracks  
  23  3:00  Command Center  
  23  3:07  SCV  
  24  3:19  Refinery  
  25  3:23  Orbital Command, Factory  
  25  3:25  SCV  
  25  3:27  Marine  
  26  3:38  Marine x2, SCV  
  29  3:47  Stimpack  
  28  3:49  SCV  
  29  3:56  Bunker  
  29  3:57  SCV  
  29  3:58  Marine  
  29  3:59  Marine  
  29  4:00  Barracks Tech Lab  
  32  4:06  SCV  
  34  4:10  SCV  
  34  4:11  Refinery  
  34  4:17  Marine x3  
  34  4:21  Factory Tech Lab  
  34  4:22  Marauder  
  39  4:29  Supply Depot  
  39  4:31  SCV  
  39  4:34  SCV  
  39  4:36  Orbital Command  
  41  4:45  Marine  
  41  4:46  Marine, Marauder  
  41  4:48  Combat Shield  
  45  4:56  Siege Tank  
  48  5:00  SCV  
  48  5:01  SCV  
  50  5:08  SCV  
  50  5:09  Marine  
  50  5:11  Supply Depot  
  52  5:15  Engineering Bay  
  52  5:19  SCV  
  52  5:20  SCV  
  52  5:21  Engineering Bay  
  54  5:25  SCV  
  55  5:34  SCV  
  55  5:35  SCV  
  57  5:39  Marine x2  
  57  5:40  Siege Tank, Marauder x2  
  66  5:47  Starport  
  66  5:48  Terran Infantry Weapons Level 1  
  66  5:49  SCV  
  67  5:52  SCV  
  67  5:57  Marine  
  68  5:58  Supply Depot  
  68  6:01  Terran Infantry Armor Level 1  
  68  6:02  SCV  
  68  6:03  SCV  
  71  6:11  Missile Turret  
  71  6:12  Missile Turret  
  71  6:14  Missile Turret  
  71  6:16  Missile Turret  
  71  6:20  Concussive Shells  
  71  6:21  Marine x2, Marauder  
  75  6:26  SCV x2  
  77  6:33  SCV  
  77  6:36  Armory  
  77  6:37  Factory Reactor  
  77  6:38  SCV x2  
  80  6:41  Supply Depot  
  80  6:44  Medivac  
  80  6:45  SCV  
  83  6:50  SCV x2  
  85  6:54  Supply Depot  
  85  6:59  Orbital Command  
  85  7:02  Marine  
  85  7:03  Marauder  
  85  7:06  Supply Depot  
  88  7:09  Marine  
  88  7:10  Marauder  
  88  7:13  Command Center  
  88  7:15  Missile Turret  
  91  7:19  Missile Turret  
  91  7:23  SCV  
  91  7:24  SCV  
  91  7:29  SCV  
  94  7:33  Supply Depot  
  94  7:35  SCV  
  95  7:40  SCV  
  95  7:41  Marine, SCV  
  95  7:42  Marauder  
  95  7:43  Siege Tank, Medivac x2  
  95  7:44  Refinery  
  107  7:46  Terran Infantry Weapons Level 2  
  107  7:48  SCV  
  108  7:52  SCV  
  108  7:54  SCV  
  108  7:57  Supply Depot  
  108  7:58  Supply Depot, Marine  
  110  7:59  Marauder  
  110  8:00  SCV, Terran Infantry Armor Level 2  
  110  8:03  Terran Vehicle Weapons Level 1  
  114  8:07  Marine  
  114  8:08  Marauder  
  117  8:13  Refinery  
  117  8:16  Missile Turret  
  117  8:18  SCV  
  117  8:19  Missile Turret  
  118  8:21  Supply Depot, Missile Turret  
  118  8:26  Siege Tank, Medivac  
  123  8:28  SCV x2  
  125  8:38  Marine  
  125  8:39  Command Center, Marine, Marauder x2  
  131  8:53  Ghost Academy  
  131  8:56  Marine x2  
  131  8:57  Barracks  
  131  8:59  Barracks  
  131  9:00  Marauder  
  131  9:01  Marauder  
  135  9:09  Medivac x2  
  131  9:15  Missile Turret  
  131  9:17  Missile Turret  
  131  9:18  Missile Turret  
  131  9:22  Missile Turret  
  131  9:23  Marine x3  
  134  9:24  Siege Tank  
  134  9:25  Planetary Fortress  
  137  9:33  Missile Turret  
  137  9:35  Missile Turret  
  137  9:38  Missile Turret  
  118  9:54  Marine x2  
  118  9:55  Marauder x2  
  118  9:58  Supply Depot  
  109  10:00  Supply Depot  
  109  10:03  Barracks Tech Lab  
  107  10:07  Barracks Tech Lab  
  107  10:08  Barracks  
  107  10:09  Barracks  
  107  10:12  Marine x2, Missile Turret, Terran Infantry Weapons Level 3, Barracks  
  109  10:15  Missile Turret  
  109  10:16  Marauder x2  
  99  10:32  Marine x2  
  99  10:33  Marauder x2  
  83  10:38  Marauder x2  
  77  10:50  Marine x2  
  77  10:54  Marauder x2  
  77  10:55  SCV  
  77  10:56  SCV x3  
  84  10:58  Marine  
  79  11:13  Marine x3  
  79  11:17  Marine x4  
  85  11:21  SCV, Orbital Command  
  86  11:26  Missile Turret  
  86  11:28  Siege Tank, Missile Turret  
  89  11:35  Terran Infantry Armor Level 3  
  89  11:37  Supply Depot x2  
  89  11:40  SCV x3  
  89  11:41  Refinery  
  89  11:43  Marine x2  
  89  11:46  SCV  
  95  11:52  SCV x2  
  97  11:55  Ghost, Personal Cloaking  
  97  11:56  Ghost x2  
  97  11:57  Barracks Tech Lab  
  96  12:12  Marine x4  
  77  12:15  SCV  
  77  12:16  SCV  
  77  12:18  Missile Turret  
  77  12:20  Refinery  
  77  12:24  Barracks Tech Lab, Marine x2  
  77  12:27  Supply Depot, Missile Turret  
  82  12:30  Siege Tank, Missile Turret x2  
  82  12:34  SCV x2  
  82  12:35  SCV  
  82  12:36  Factory  
  85  12:39  Ghost x2  
  85  12:41  Marine  
  85  12:42  Marine x2  
  85  12:43  Medivac  
  96  12:45  Missile Turret  
  92  12:59  Ghost x2  
  92  13:02  Missile Turret  
  92  13:03  SCV x2  
  100  13:10  SCV  
  101  13:25  Marine x2, Marauder  
  101  13:26  Siege Tank, Marauder  
  110  13:29  Refinery, Factory Reactor  
  110  13:31  Orbital Command, Medivac x2  
  114  13:54  Refinery  
  114  13:55  Refinery  
  114  13:58  SCV, Missile Turret  
  114  13:59  SCV x4  
  119  14:04  Missile Turret  
  119  14:07  Missile Turret  
  119  14:08  Missile Turret  
  119  14:09  Missile Turret  
  122  14:10  SCV  
  112  14:17  Factory x2  
Tags
 
Add a new tag
Caveats
  • Supply blocks, unpowered buildings, or Contaminate may cause inaccurate times.
  • Supply counts are checked every 10 seconds.